 Dungeon Crawl Stone Soup version 0.32-a0-953-g508020473e (webtiles) character file.

Game seed: 9254345006767524825

2580 spaghetti the Grappler (level 9, -7/112 HPs)
             Began as a Naga Berserker on Apr 16, 2024.
             Was a Priest of Trog.
             Mangled by an orc knight
             ... wielding a +0 trident
              (11 damage)
             ... in a bailey.
             The game lasted 00:08:33 (6422 turns).

spaghetti the Grappler (Naga Berserker)             Turns: 6422, Time: 00:08:34

Health: -7/112     AC: 16    Str: 18    XL:     9   Next: 58%
Magic:  18/18      EV:  0    Int:  7    God:    Trog [***...]
Gold:   59         SH:  0    Dex: 19    Spells: 8/8 levels left

rFire   + .          .
                       - Unarmed
rCold   + . .        (no shield)
rNeg    . . .        f - +0 plate armour
rPois   +            i - +0 helmet
rElec   .            (no cloak)
rCorr   .            (no gloves)
SInv    +            r - +2 barding {rC+}
Will    +++..        n - amulet of magic regeneration Stlth
                     s - ring of magical power
HPRegen 1.38/turn    (no ring)
MPRegen 0.56/turn

%: no passive effects
@: mighty, berserking, strong-willed, regenerating, hasted, invisible, quick
A: AC +3, large, see invisible, deformed body, poison resistance, slowness 2,
spit poison 1, naga tail 1, agile 1, fire resistance 1
a: Spit Poison, Renounce Religion, Berserk, Trog's Hand


You were in a bailey.
You worshipped Trog.
Trog was most pleased with you.
You visited 1 branch of the dungeon, and saw 7 of its levels.
You also visited: Bailey.

You collected 299 gold pieces.
You spent 240 gold pieces at shops.

Inventory:

Armour
 f - a +0 plate armour (worn)
 i - a +0 helmet (worn)
 r - a +2 barding of cold resistance (worn)
Jewellery
 n - an amulet of magic regeneration (around neck)
 s - a ring of magical power (left hand)
 y - a ring of ice
 z - a ring of ice
Wands
 k - a wand of flame (13)
 q - a wand of digging (7)
 w - a wand of polymorph (6)
 B - a wand of paralysis (8)
Scrolls
 a - a scroll of fog {unknown}
 b - 4 scrolls of identify
 d - 3 scrolls of enchant weapon
 e - 2 scrolls of teleportation
 g - 2 scrolls of amnesia
 j - a scroll of vulnerability
 l - 2 scrolls of immolation
 p - 4 scrolls of enchant armour
 v - a scroll of poison {unknown}
 C - a scroll of silence {unknown}
Potions
 h - 3 potions of lignification
 m - 3 potions of curing
 t - 2 potions of heal wounds
 x - a potion of degeneration {unknown}
 A - 2 potions of mutation


   Skills:
 - Level 3.0 Fighting
 - Level 1.5 Armour
 - Level 1.5 Dodging
 + Level 13.0 Unarmed Combat


You had 8 spell levels left.
You didn't know any spells.
Your spell library contained the following spells:

 Spells                   Type           Power      Damage    Failure   Level
 Shock                    Conj/Air       0%         1d3       100%        1
 Sigil of Binding         Hex            0%         N/A       100%        3
 Swiftness                Air            0%         N/A       100%        3
 Airstrike                Air            0%         2d(0-16)  100%        4
 Anguish                  Hex/Necr       0%         N/A       100%        4
 Cause Fear               Hex            0%         N/A       100%        4
 Enfeeble                 Hex            0%         N/A       100%        7


Dungeon Overview and Level Annotations

Branches:
Dungeon (7/15)             Temple (0/1) D:7          Bailey (1/1)

Altars:
Elyvilon
Fedhas
Hepliaklqana
Kikubaaqudgha
Qazlal
Sif Muna
Yredelemnul

Shops:
D:6 ?((*   D:7 !(

Annotations:
Bailey 2 runed translucent doors


Innate Abilities, Weirdness & Mutations

Your serpentine skin is tough. (AC +3)
You have supernaturally acute eyesight. (SInv)
Armour fits poorly on your strangely shaped body.
Your system is resistant to poisons. (rPois)
You cover ground very slowly.
You can spit poison.
You have a snake-like lower body.
You are agile. (Dex +4, Str/Int -1)
Your flesh is heat resistant. (rF+)


Message History

It was a potion of invisibility.
You fade into invisibility!
The orc hits you but does no damage.
You feel very mighty all of a sudden.
You punch the orc!
You kill the orc!
Trog accepts your kill.
The orc knight hits you from afar with a +0 trident!
The orc warrior hits you from afar with a +0 glaive!
An orc comes into view. It is wielding a +0 trident.
Unknown command.
The orc shouts!
You hear a shout!
The orc warrior hits you but does no damage.
A red film seems to cover your vision as you go berserk!
You feel yourself moving faster!
You feel mighty!
The orc shouts!
You hear a shout!
Unknown command.
You closely miss the orc knight.
The orc shouts!
The orc knight hits you but does no damage.
The orc warrior hits you with a +0 glaive!
You strike the helpless orc knight from behind!
You punch the orc knight!
The orc knight is moderately wounded.
The orc shouts!
The orc warrior hits you with a +0 glaive!!
* * * LOW HITPOINT WARNING * * *
The orc knight hits you with a +0 trident.
* * * LOW HITPOINT WARNING * * *
The orc warrior hits you with a +0 glaive!
* * * LOW HITPOINT WARNING * * *
You punch the orc knight!
The orc knight is heavily wounded.
You pummel the orc knight!!
The orc knight is almost dead.
The orc warrior hits you with a +0 glaive.
* * * LOW HITPOINT WARNING * * *
An orc warrior comes into view. It is wielding a +0 spear.
The orc knight hits you with a +0 trident!
You die...

..♣............≈≈
................≈
##........####..
.####''####.$#
..........)...#
#...ß....ß...##
#..########..# #.
#).# # #o@#
#..#oo# #..#..#
.....#o.#
....##..# #++#
#..#


o.o ...# .. .... You could see an orc knight (unable to see you), 4 orc warriors
and an orc (strong, unable to see you).

Vanquished Creatures
  A shadow (D:7)
  Menkaure (D:4)
  2 orc warriors (Bailey)
  2 ice beasts
  2 black bears (D:7)
  2 ogres (D:6)
  A phantom (D:5)
  A gnoll sergeant (D:7)
  5 scorpions
  A bullfrog (D:7)
  4 wights (D:6)
  An electric eel (D:6)
  3 howler monkeys
  2 bombardier beetles
  3 orc priests
  2 jellies (D:6)
  2 hounds
  3 iguanas
  5 orc wizards
  Robin (D:2)
  6 gnolls
  9 adders
  2 shadow imps
  A white imp (D:6)
  2 ufetubi (D:6)
  2 adder zombies (D:4)
  3 dart slugs
  A ribbon worm (D:4)
  21 orcs
  4 endoplasms
  4 giant cockroaches
  14 goblins
  6 hobgoblins
  2 jackals (D:1)
  5 ball pythons
  4 bats
  3 frilled lizards
  4 kobolds
  4 rats
141 creatures vanquished.

Notes
Turn   | Place    | Note
-------+----------+-------------------------------------------
     0 | D:1      | spaghetti the Naga Berserker began the quest for the Orb.
     0 | D:1      | Reached XP level 1. HP: 21/21 MP: 1/1
   191 | D:1      | Found a faded altar of an unknown god.
   273 | D:1      | Reached XP level 2. HP: 27/28 MP: 2/2
   912 | D:2      | Reached skill level 4 in Unarmed Combat
   912 | D:2      | Reached XP level 3. HP: 33/34 MP: 3/3
  1005 | D:2      | Noticed Robin
  1018 | D:2      | Killed Robin
  1018 | D:2      | Reached ** piety under Trog
  1031 | D:2      | Reached XP level 4. HP: 17/42 MP: 4/4
  1163 | D:2      | Reached skill level 5 in Unarmed Combat
  1740 | D:2      | Gained mutation: You are vulnerable to heat. (rF-) [potion
                  | of mutation]
  1917 | D:3      | Reached XP level 5. HP: 35/49 MP: 5/5
  2198 | D:3      | Reached skill level 6 in Unarmed Combat
  2288 | D:3      | Found a blossoming altar of Fedhas.
  2493 | D:3      | Found a faded altar of an unknown god.
  2503 | D:3      | Found a stormy altar of Qazlal.
  2676 | D:4      | Found a basalt altar of Yredelemnul.
  2679 | D:4      | Noticed Menkaure
  2681 | D:4      | Found an ancient bone altar of Kikubaaqudgha.
  2697 | D:4      | Found a white marble altar of Elyvilon.
  2707 | D:4      | Reached XP level 6. HP: 56/56 MP: 6/6
  2723 | D:4      | Found a shimmering blue altar of Sif Muna.
  2761 | D:4      | Noticed an ice beast
  2770 | D:4      | Killed an ice beast
  2771 | D:4      | Reached skill level 7 in Unarmed Combat
  3111 | D:4      | Found a transporter.
  3127 | D:4      | Found a transporter.
  3184 | D:4      | Found a hazy altar of Hepliaklqana.
  3218 | D:4      | Killed Menkaure
  3219 | D:4      | Reached XP level 7. HP: 41/62 MP: 7/7
  3248 | D:4      | Identified the +2 morningstar "Wyl Myi" {heavy, rC+ rN+}
  3381 | D:5      | Entered Level 5 of the Dungeon
  3460 | D:5      | Reached skill level 8 in Unarmed Combat
  3947 | D:5      | Reached skill level 9 in Unarmed Combat
  4033 | D:5      | Reached *** piety under Trog
  4257 | D:6      | Reached XP level 8. HP: 69/69 MP: 8/8
  4401 | D:6      | Found Wocettee's Weapon Emporium.
  4413 | D:6      | Reached skill level 10 in Unarmed Combat
  4591 | D:6      | Found Peqem's Magic Scroll Shop.
  4628 | D:6      | Found Quothruipa's General Store.
  4878 | D:6      | Found Lats's Weapon Emporium.
  5147 | D:6      | Reached skill level 11 in Unarmed Combat
  5576 | D:6      | Reached XP level 9. HP: 75/75 MP: 9/9
  5799 | D:7      | Found Erass's Distillery.
  5799 | D:7      | Found Quygodd's Distillery.
  5799 | D:7      | Found Dolimat's Weapon Boutique.
  5801 | D:7      | Bought a potion of mutation for 80 gold pieces
  5801 | D:7      | Bought 2 potions of mutation for 160 gold pieces
  5801 | D:7      | Lost mutation: You are vulnerable to heat. (rF-) [potion of
                  | mutation]
  5801 | D:7      | Gained mutation: Your flesh is heat resistant. (rF+)
                  | [potion of mutation]
  5801 | D:7      | Gained mutation: You are agile. (Dex +4, Str/Int -1)
                  | [potion of mutation]
  5916 | D:7      | Found a staircase to the Ecumenical Temple.
  6059 | D:7      | Reached skill level 12 in Unarmed Combat
  6289 | D:7      | Found a flagged portal.
  6310 | Bailey   | Entered a bailey
  6406 | Bailey   | Reached skill level 13 in Unarmed Combat
  6408 | Bailey   | Found a large runed translucent door.
  6408 | Bailey   | Found a large runed translucent door.
  6408 | Bailey   | Noticed an orc knight
  6409 | Bailey   | Noticed a deep elf pyromancer
  6422 | Bailey   | HP: 4/112 [orc warrior/+0 glaive (4)]
  6422 | Bailey   | Mangled by an orc knight

Illustrated notes

Levels and vault maps discovered:
D:1:      dpeg_arrival_concentric_ovals, layout_basic,
          shapermc_ecumenical_altar_venn, chequers_decorated_corner,
          minmay_cut_off
D:2:      layout_loops_ring, uniq_robin
D:3:      layout_basic, nicolae_overflow_ecumenical_swirl,
          mainiacjoe_overflow_cross_hatched
D:4:      layout_basic, mainiacjoe_overflow_24_doors,
          worldfamousw_hep_ancestral_shrine, elyvilon_altar_5,
          gammafunk_temple_of_torment
D:5:      layout_cave_pods, kennysheep_generic_room_7
D:6:      wad_river_or_something, layout_cave_pods, serial_shops,
          nicolae_shop_bloodbath_and_beyond, nicolae_shop_just_a_little_nook,
          nicolae_square_shop, shop_fountains
D:7:      layout_loops_ring, minmay_temple_entry_glassed_door, enter_bailey_2,
          nicolae_shop_distant_corner_stores, nicolae_titane
Bailey:   bailey_polearm_elven_captive_hellmonk, bailey

Skill      XL: |  1  2  3  4  5  6  7  8  9 |
---------------+----------------------------+-----
Unarmed Combat | 4 5 6 7 9 11 13 | 13.0
Fighting       | |  3.0
Armour         | |  1.5
Dodging        | |  1.5

Action                     |  1- 3 |  4- 6 |  7- 9 || total
---------------------------+-------+-------+-------++-------
  Melee: Unarmed           |    51 |   108 |   207 ||   366
         Punch             |       |     3 |    11 ||    14
 Invoke: Berserk           |     1 |     3 |     4 ||     8
         Trog's Hand       |       |     1 |     1 ||     2
Ability: Spit Poison       |    19 |    24 |    32 ||    75
    Use: Potion            |       |     6 |     4 ||    10
         Scroll            |       |     9 |       ||     9
   Stab: Invisible         |       |       |     1 ||     1
 Armour: Animal skin       |     9 |       |       ||     9
         Plate armour      |    35 |    98 |   274 ||   407
  Dodge: Dodged            |     6 |    13 |    12 ||    31

Table legend: (Time is in decaauts)
 A = Elapsed time spent in this place.
 B = Non-inter-level travel time spent in this place.
 C = Inter-level travel time spent in this place.
 D = Time resting spent in this place.
 E = Time spent auto-exploring this place.
 F = Levels seen in this place.
 G = Mean time per level.
                   A        B        C        D        E       F      G
               +--------+--------+--------+--------+--------+-----+--------+
         Total |   8181 |   7809 |    372 |    556 |   6214 |   8 | 1022.6 |
       Dungeon |   8065 |   7693 |    372 |    556 |   6137 |   7 | 1152.1 |
        Bailey |    116 |    116 |      0 |      0 |     77 |   1 |  116.0 |
               +--------+--------+--------+--------+--------+-----+--------+

Top non-repeatable levels by time:
     D:6: 1937 daAuts
     D:2: 1270 daAuts
     D:1: 1210 daAuts
     D:5: 1146 daAuts
     D:4: 1009 daAuts
     D:3: 930 daAuts
     D:7: 561 daAuts
  Bailey: 116 daAuts
